 Dungeon Crawl Stone Soup version 0.13-b1-32-g21a608e (webtiles) character file.

261 Lilouch the Skirmisher (level 4, -2/36 HPs)
             Began as a Mummy Fighter on Oct 6, 2013.
             Slain by a gnoll
             ... wielding a +0,+0 dwarven short sword
              (5 damage)
             ... on Level 3 of the Dungeon.
             The game lasted 00:23:48 (15947 turns).

Lilouch the Skirmisher (Mummy Fighter)             Turns: 15947, Time: 00:23:48

HP  -2/36        AC 11     Str 20      XL: 4   Next: 89%
MP   3/3         EV  5     Int  7      God:
Gold 131         SH 18     Dex 11      Spells:  0 memorised,  3 levels left

Res.Fire  : x . .   See Invis. : .   a - +0 hand axe {=f}
Res.Cold  : + . .   Warding    : .   E - +0 chain mail
Life Prot.: + + +   Conserve   : .   c - +0 shield
Res.Poison: +       Res.Corr.  : .   (no helmet)
Res.Elec. : .       Clarity    : .   (no cloak)
Sust.Abil.: . .     Spirit.Shd : .   (no gloves)
Res.Mut.  : .       Stasis     : .   (no boots)
Res.Rott. : +       Flight     : .   (no amulet)
Saprovore : . . .                    (no ring)
                                     i - +2 ring of protection

@: slightly resistant to hostile enchantments, extremely unstealthy
A: no food or potions, fire vulnerability, restore body, cold resistance 1, life
protection 3, poison resistance, torment resistance, unbreathing
a: no special abilities


You were on level 3 of the Dungeon.
You were not hungry.

You visited 1 branch of the dungeon, and saw 3 of its levels.

You collected 111 gold pieces.

Inventory:

Hand weapons
 a - a +0,+0 hand axe (weapon) {=f}
 d - a +1,+2 spear (quivered)
 u - a +2,+0 spear
 A - a cursed -2,-1 short sword
 D - a +2,+1 dagger of speed
 H - a +0,+0 whip
 J - a cursed +0 blowgun
Missiles
 e - 13 bolts
 f - 2 needles of frenzy
 g - 58 stones
 k - 33 darts
 s - 19 arrows
 K - 12 poisoned needles
Armour
 c - a +0 shield (worn)
 E - a +0 chain mail (worn)
Comestibles
 l - 3 bread rations
 m - an orange
 n - a pear
 q - an apple
 r - a meat ration
Scrolls
 o - a scroll of fear {unknown}
 p - a scroll of recharging {unknown}
 t - 5 scrolls of identify {unknown}
 v - a scroll of random uselessness {unknown}
 w - a scroll of curse weapon {unknown}
 y - a scroll of enchant armour {unknown}
 z - a scroll of amnesia {unknown}
 C - a scroll of enchant weapon I {unknown}
 G - a scroll of curse jewellery {unknown}
Jewellery
 i - a +2 ring of protection (left hand)
 I - a cursed ring of hunger {unknown}
Potions
 h - a potion of beneficial mutation {unknown}
 j - a potion of heal wounds {unknown}
 x - a potion of slowing {unknown}
 B - 2 potions of agility {unknown}
 F - a potion of restore abilities {unknown}
Miscellaneous
 b - a plain deck of war


   Skills:
 + Level 3.6 Fighting
 * Level 2.2 Axes
 + Level 3.0 Armour
 - Level 0.7 Dodging
 + Level 3.3 Shields


You had 3 spell levels left.
You didn't know any spells.

Dungeon Overview and Level Annotations

Branches:
Dungeon (3/27)

Altars:
Cheibriados
Nemelex Xobeh
Okawaru
Yredelemnul

Annotations:
D:3 Goboxel's ghost, weakling HuFi


Innate Abilities, Weirdness & Mutations

You do not eat or drink.
Your flesh is vulnerable to fire.
Your flesh is cold resistant.
You are immune to negative energy.
Your system is resistant to poisons.
You are immune to unholy pain and torment.
You can survive without breathing.


Message History

You kill the ooze!
You block the gnoll's attack. The gnoll hits you but does no damage.
A goblin comes into view.
The goblin shouts!
A goblin comes into view.
The goblin shouts!
The goblin wields a sling.
The goblin shoots a stone.
The stone hits you!
* * * LOW HITPOINT WARNING * * *
You see here a stone.
The goblin shoots a stone.
The stone hits you!
* * * LOW HITPOINT WARNING * * *
You see here a stone.
You hit the gnoll.
The gnoll is lightly wounded.
The gnoll hits you but does no damage.
You hit the gnoll but do no damage.
The gnoll is lightly wounded.
You block the gnoll's attack.
The gnoll hits you with a dwarven short sword.
You die...

# #.## ###
#.... ...
##.....######.#
...g....@gg##.#
##.....###.##.#
. #.... #.##g#
. ###.
#g#..##.###
.### #
#....g.....#
...##
###.###.##.
.♣..## .... #
(..).# .......
.%.).# .......#


You could see a gnoll and 2 goblins.

Vanquished Creatures
  4 adders (D:2)
  2 gnolls
  A worm (D:3)
  2 giant geckos (D:1)
  An ooze (D:3)
  An orc (D:3)
  2 ball pythons (D:2)
  8 giant cockroaches
  12 hobgoblins
  5 bats (D:1)
  3 giant newts
  8 goblins
  10 kobolds
  5 rats (D:1)
  4 fungi (D:1)
68 creatures vanquished.

Notes
Turn   | Place    | Note
--------------------------------------------------------------
     0 | D:1      | Lilouch, the Mummy Fighter, began the quest for the Orb.
     0 | D:1      | Reached XP level 1. HP: 18/18 MP: 0/0
   154 | D:1      | Reached XP level 2. HP: 21/24 MP: 1/1
   992 | D:2      | Reached XP level 3. HP: 27/30 MP: 2/2
 14497 | D:1      | Noticed a hill giant
 14521 | D:2      | Found a sparkling altar of Nemelex Xobeh.
 14613 | D:2      | Reached XP level 4. HP: 26/36 MP: 3/3
 14899 | D:2      | Found a basalt altar of Yredelemnul.
 14913 | D:2      | Found an iron altar of Okawaru.
 15067 | D:3      | Found a snail-covered altar of Cheibriados.
 15685 | D:3      | Noticed Goboxel's ghost (weakling HuFi)
 15947 | D:3      | Slain by a gnoll

Action                   |  1- 3 |  4- 6 || total
-------------------------+-------+-------++-------
Melee: Hand axe          |   189 |    95 ||   284
       Dagger            |     6 |       ||     6
